 Dungeon Crawl Stone Soup version 0.23-a0-586-gacb4b3f (webtiles) character file.

168 Leeroy the Charmwright (level 5, -4/43 HPs)
             Began as a Gnoll Skald on Dec 18, 2018.
             Slain by Mgcat's ghost (11 damage)
             ... on level 3 of the Dungeon.
             The game lasted 00:06:56 (2241 turns).

Leeroy the Charmwright (Gnoll Skald)                Turns: 2241, Time: 00:06:57

Health: -4/43      AC:  5    Str: 14    XL:     5   Next: 48%
Magic:  12/12      EV: 12    Int: 16    God:
Gold:   215        SH:  4    Dex: 14    Spells: 3/14 levels left

rFire    . . .     SeeInvis .   a - +0 falchion
rCold    . . .     Gourm    .   B - +0 buckler
rNeg     . . .     Faith    .   h - +0 ring mail
rPois    .         Spirit   .   (no helmet)
rElec    .         Reflect  .   (no cloak)
rCorr    .         Harm     .   (no gloves)
MR       .....                  (no boots)
Stlth    +.........             (no amulet)
HPRegen  0.14/turn              (no ring)
MPRegen  0.13/turn              (no ring)

@: no status effects
A: distributed training, fangs 1, strong nose
a: no special abilities


You were on level 3 of the Dungeon.
You were hungry.

You visited 1 branch of the dungeon, and saw 3 of its levels.

You collected 215 gold pieces.

Inventory:

Hand Weapons
 a - a +0 falchion (weapon)
 g - a +0 dagger
 m - a +0 short sword
 n - a +3 flail of holy wrath
 r - a +0 spear
 v - a cursed -2 hunting sling
 y - a +0 short sword
Missiles
 i - 120 stones (quivered)
 l - 26 sling bullets
 s - 36 bolts
Armour
 b - a +0 leather armour
 e - a +0 chain mail
 h - a +0 ring mail (worn)
 B - a +0 buckler (worn)
Jewellery
 z - a cursed ring of teleportation {unknown}
Wands
 u - a wand of iceblast (5)
Scrolls
 c - 2 scrolls of remove curse {unknown}
 j - 3 scrolls of identify {unknown}
 o - 3 scrolls of random uselessness {unknown}
 w - a scroll of teleportation {unknown}
 A - a scroll of blinking {unknown}
Potions
 f - a potion of invisibility {unknown}
 k - a potion of curing
 p - a potion of lignification
 q - a potion of flight
 C - a potion of agility {unknown}
Comestibles
 d - 5 rations


   Skills:
 + Level 4.8 Fighting
 + Level 1.4 Short Blades
 + Level 4.8 Long Blades
 + Level 1.4 Axes
 + Level 1.4 Maces & Flails
 + Level 1.4 Polearms
 + Level 1.4 Staves
 + Level 1.4 Slings
 + Level 1.4 Bows
 + Level 1.4 Crossbows
 + Level 1.4 Throwing
 + Level 3.0 Armour
 + Level 4.8 Dodging
 + Level 1.4 Stealth
 + Level 1.4 Shields
 + Level 1.4 Unarmed Combat
 + Level 5.2 Spellcasting
 + Level 1.1 Conjurations
 + Level 1.1 Hexes
 + Level 5.5 Charms
 + Level 1.1 Summonings
 + Level 1.1 Necromancy
 + Level 1.1 Translocations
 + Level 1.1 Transmutations
 + Level 1.1 Fire Magic
 + Level 1.1 Ice Magic
 + Level 1.1 Air Magic
 + Level 1.1 Earth Magic
 + Level 1.1 Poison Magic
 + Level 1.6 Invocations
 + Level 1.4 Evocations


You had 3 spell levels left.
You knew the following spells:

 Your Spells              Type           Power        Failure   Level  Hunger
a - Infusion              Chrm           ###.         4%          1    None
b - Song of Slaying       Chrm           ###.....     6%          2    #......
c - Shroud of Golubria    Chrm/Tloc      ##........   16%         2    #......
d - Regeneration          Chrm/Necr      ##........   30%         3    ###....
e - Spectral Weapon       Hex/Chrm       ##......     30%         3    ###....

Your spell library contained the following spells:

 Spells                   Type           Power        Failure   Level  Hunger


Dungeon Overview and Level Annotations

Branches:
Dungeon (3/15)

Altars:
Kikubaaqudgha
Yredelemnul

Annotations:
D:3 Mgcat's ghost, amateur TrMo


Innate Abilities, Weirdness & Mutations

Your experience applies equally to all skills.
You have very sharp teeth.
Your uncanny sense of smell can sniff out nearby items.


Message History

Your skin stops crawling.
The adder skeleton bites you but does no damage.
Mgcat's ghost hits you but does no damage.
The adder skeleton bites you but does no damage.
You hit Mgcat's ghost.
Mgcat's ghost is severely damaged.
You feel less wooden.
Your +0 ring mail unmelds from your body.
Mgcat's ghost closely misses you. You block the adder skeleton's attack.
You hit Mgcat's ghost. Your bite misses Mgcat's ghost.
Mgcat's ghost is almost destroyed.
Mgcat's ghost hits you. The adder skeleton closely misses you.
You hit Mgcat's ghost.
Mgcat's ghost is almost destroyed.
Mgcat's ghost hits you!
* * * LOW HITPOINT WARNING * * *
The adder skeleton bites you.
* * * LOW HITPOINT WARNING * * *
Mgcat's ghost hits you!
You die...

.#######....._...#
.........#.......###
.#######.##.....##.#
'#######..##...##..#
...........#####...#
...........####....##############
.......)...W.......+.............
.#########.####WZ..##....########
## #...#.+.@..+...<...# .#
#.#.#.#....#####.#.#
.########.#..............#.#
..........................>####
....#####.#..<................#
†...# #.###.########........#
'########.# #.##....##........#
..#.......# #.##....##.†......#
..#.......# #..#....##..).....#


You could see Mgcat's ghost and an adder skeleton.

Vanquished Creatures
  A bullfrog skeleton (D:3)
  Terence (D:2)
  3 gnolls
  3 adders
  A dart slug (D:1)
  3 orcs (D:3)
  2 giant cockroaches
  3 goblins
  4 hobgoblins
  10 jackals
  2 ball pythons
  6 bats
  3 frilled lizards
  3 kobolds
  9 rats
54 creatures vanquished.

Vanquished Creatures (others)
  A spectral weapon (D:3)
  3 toadstools (D:1)
4 creatures vanquished.

Grand Total: 58 creatures vanquished

Notes
Turn   | Place    | Note
-------+----------+-------------------------------------------
     0 | D:1      | Leeroy the Gnoll Skald began the quest for the Orb.
     0 | D:1      | Reached XP level 1. HP: 20/20 MP: 6/6
   221 | D:1      | Reached XP level 2. HP: 26/26 MP: 7/7
   233 | D:1      | Learned a level 2 spell: Song of Slaying
   236 | D:1      | Learned a level 2 spell: Shroud of Golubria
   640 | D:1      | Reached XP level 3. HP: 30/31 MP: 9/9
   797 | D:2      | Noticed Terence
   808 | D:2      | Killed Terence
   808 | D:2      | Reached skill level 5 in Spellcasting
   808 | D:2      | Reached skill level 1 in Invocations
   815 | D:2      | Learned a level 3 spell: Regeneration
   819 | D:2      | Learned a level 3 spell: Spectral Weapon
  1054 | D:2      | Reached skill level 1 in Short Blades
  1054 | D:2      | Reached skill level 1 in Axes
  1054 | D:2      | Reached skill level 1 in Maces & Flails
  1054 | D:2      | Reached skill level 1 in Polearms
  1054 | D:2      | Reached skill level 1 in Staves
  1054 | D:2      | Reached skill level 1 in Slings
  1054 | D:2      | Reached skill level 1 in Bows
  1054 | D:2      | Reached skill level 1 in Crossbows
  1054 | D:2      | Reached skill level 1 in Throwing
  1054 | D:2      | Reached skill level 1 in Stealth
  1054 | D:2      | Reached skill level 1 in Shields
  1054 | D:2      | Reached skill level 1 in Unarmed Combat
  1054 | D:2      | Reached skill level 1 in Evocations
  1181 | D:2      | Reached XP level 4. HP: 34/38 MP: 11/11
  1277 | D:2      | HP: 1/38 [gnoll/+0 flail (7)]
  1358 | D:3      | Found an ancient bone altar of Kikubaaqudgha.
  1427 | D:3      | Reached skill level 1 in Conjurations
  1427 | D:3      | Reached skill level 1 in Hexes
  1427 | D:3      | Reached skill level 1 in Summonings
  1427 | D:3      | Reached skill level 1 in Necromancy
  1427 | D:3      | Reached skill level 1 in Translocations
  1427 | D:3      | Reached skill level 1 in Transmutations
  1427 | D:3      | Reached skill level 1 in Fire Magic
  1427 | D:3      | Reached skill level 1 in Ice Magic
  1427 | D:3      | Reached skill level 1 in Air Magic
  1427 | D:3      | Reached skill level 1 in Earth Magic
  1427 | D:3      | Reached skill level 1 in Poison Magic
  1652 | D:3      | Found a runed gate.
  1652 | D:3      | Found a runed gate.
  1657 | D:3      | Found a runed gate.
  1659 | D:3      | Noticed Mgcat's ghost (amateur TrMo)
  1695 | D:3      | Reached XP level 5. HP: 27/43 MP: 12/12
  2101 | D:3      | Found a basalt altar of Yredelemnul.
  2241 | D:3      | Slain by Mgcat's ghost

Vault maps used:
D:1:      dpeg_arrival_castle, minmay_gold_behind_fungi, kennysheep_nondescript
D:2:      first_ration, uniq_terence
D:3:      old_standard_altar, lemuel_round_altar, gammafunk_ghost_necromancy

Skill      XL: |  1  2  3  4  5 |
---------------+----------------+-----
Spellcasting   | 5 |  5.2
Invocations    | 1 |  1.6
Short Blades   | 1 |  1.4
Axes           | 1 |  1.4
Maces & Flails | 1 |  1.4
Polearms       | 1 |  1.4
Staves         | 1 |  1.4
Slings         | 1 |  1.4
Bows           | 1 |  1.4
Crossbows      | 1 |  1.4
Throwing       | 1 |  1.4
Stealth        | 1 |  1.4
Shields        | 1 |  1.4
Unarmed Combat | 1 |  1.4
Evocations     | 1 |  1.4
Conjurations   | 1 |  1.1
Hexes          | 1 |  1.1
Summonings     | 1 |  1.1
Necromancy     | 1 |  1.1
Translocations | 1 |  1.1
Transmutations | 1 |  1.1
Fire Magic     | 1 |  1.1
Ice Magic      | 1 |  1.1
Air Magic      | 1 |  1.1
Earth Magic    | 1 |  1.1
Poison Magic   | 1 |  1.1
Armour         | 3 |  3.0
Fighting       | |  4.8
Long Blades    | |  4.8
Dodging        | |  4.8
Charms         | |  5.5

Action                   |  1- 3 |  4- 6 || total
-------------------------+-------+-------++-------
Melee: Falchion          |    86 |    90 ||   176
       Bite              |     8 |     8 ||    16
       Flail             |       |    10 ||    10
 Cast: Shroud of Golubri |     1 |     1 ||     2
       Regeneration      |       |     4 ||     4
       Spectral Weapon   |       |     4 ||     4
       Infusion          |       |     1 ||     1
  Use: Potion            |       |     4 ||     4
  Eat: Chunk             |     1 |     4 ||     5
Armor: Leather armour    |     6 |       ||     6
       Ring mail         |    35 |    44 ||    79
       Skin              |       |    38 ||    38
Dodge: Dodged            |    84 |   109 ||   193
Block: Buckler           |       |    12 ||    12
       Rpst.: Falchion   |    23 |    36 ||    59

Table legend:
 A = Non-vault XP
 B = Vault XP
 C = Vault XP percentage of total XP
 D = Non-vault monster count
 E = Vault monster count
 F = Vault count percentage of total count
                 A         B        C        D         E       F
            +---------+---------+-------+---------+---------+-------
      Total |     165 |      75 |  31.2 |      52 |       2 |   3.7
            +---------+---------+-------+---------+---------+-------
        D:1 |      34 |       0 |   0.0 |      22 |       0 |   0.0
        D:2 |      40 |      36 |  47.4 |       9 |       1 |  10.0
        D:3 |      91 |      39 |  30.0 |      21 |       1 |   4.5
            +---------+---------+-------+---------+---------+-------
